 Dungeon Crawl Stone Soup version 0.19.1-1-g22dce08 (webtiles) character file.

828 theAP the Cudgeler (level 7, -9/52 HPs)
             Began as a Demonspawn Chaos Knight on Jan 1, 2017.
             Mangled by a gnoll
             ... wielding a +0 halberd
              (10 damage)
             ... while paralysed by you
             ... on level 5 of the Dungeon.
             The game lasted 00:20:59 (4033 turns).

theAP the Cudgeler (Demonspawn Chaos Knight)        Turns: 4033, Time: 00:21:00

Health: -9/52      AC:  4    Str: 22    XL:     7   Next: 64%
Magic:  0/7        EV:  2    Int: 13    God:    Xom [......]
Gold:   218        SH:  0    Dex: 17    Spells: 0 memorised, 6 levels left

rFire  . . .     SeeInvis .     w - +2 whip (venom)
rCold  + + +     Gourm    +     o - +0 chain mail
rNeg   . . .     Faith    .     m - +1 buckler
rPois  .         Spirit   +     (helmet restricted)
rElec  .         Reflect  .     (no cloak)
rCorr  .         Harm     .     (no gloves)
MR     .....                    (no boots)
Stlth  ..........               z - amulet of Goown {Gourm Str+3}
                                f - ring of stealth
                                y - ring of protection from cold

@: paralysed, mighty, very slightly contaminated, slowed, invisible
A: horns 1, agile 2, cold resistance 2, deformed body, high mp 1, wild magic 1,
magic shield, magic regeneration, magic link
a: Renounce Religion


You were on level 5 of the Dungeon.
You worshipped Xom.
You were a very special plaything of Xom.
You were not hungry.

You visited 1 branch of the dungeon, and saw 5 of its levels.

You collected 267 gold pieces.
You spent 49 gold pieces at shops.

Inventory:

Hand Weapons
 a - a +0 mace of chaos
 l - a -1 whip
 w - a +2 whip of venom (weapon)
Armour
 b - a +2 leather armour
 e - a +0 ring mail
 g - a +0 ring mail
 m - a +1 buckler (worn)
 o - a +0 chain mail (worn)
 x - a +2 leather armour of magic resistance
Magical Staves
 u - an uncursed staff of energy {unknown}
Jewellery
 f - a ring of stealth (right hand)
 i - an uncursed ring of positive energy
 p - an uncursed amulet of regeneration {unknown}
 y - a ring of protection from cold (left hand)
 z - the amulet of Goown (around neck) {Gourm Str+3}
   (Xom gifted it to you on level 3 of the Dungeon)

   [amulet of the gourmand]

   It allows you to eat raw meat even when not hungry.
   It affects your strength (+3).
Scrolls
 d - a scroll of magic mapping
 A - a scroll of remove curse
Potions
 k - a potion of lignification {unknown}
 q - 2 potions of degeneration (quivered)
 s - a potion of magic
Comestibles
 c - 3 bread rations
 r - 2 slices of pizza
 v - 16 royal jellies


   Skills:
 - Level 3.3 Fighting
 + Level 7.4 Maces & Flails
 - Level 1.7 Armour
 - Level 0.8 Dodging
 + Level 2.5 Stealth
 + Level 2.2 Shields


You had 6 spell levels left.
You didn't know any spells.

Dungeon Overview and Level Annotations

Branches:
Dungeon (5/15)
 Temple: D:4-7

Altars:
Elyvilon
Makhleb
Xom

Shops:
D:4 %


Innate Abilities, Weirdness & Mutations

You have a pair of small horns on your head.
Your flesh is very cold resistant. (rC++)
When hurt, damage is shared between your health and your magic reserves.
You regenerate magic rapidly.
When low on magic, you restore magic in place of health.
You are very agile. (Dex +4)
Armour fits poorly on your strangely shaped body.
You have an increased reservoir of magic. (+10% MP)
Your spells are a little harder to cast, but a little more powerful.


Message History

The gnoll closely misses you.
You catch the helpless gnoll completely off-guard!
You whack the gnoll!
You kill the gnoll! "Forecast: mostly cloudy."
You block the gnoll's attack.
You whack the gnoll!
The gnoll is poisoned.
You headbutt the gnoll.
You kill the gnoll!
You spin around.
You thrash the gnoll!!
You kill the gnoll!
You suddenly lose the ability to move!
The gnoll hits you from afar with a halberd!
* * * LOW HITPOINT WARNING * * *
You feel uncomfortable. The gnoll hits you with a spear.
* * * LOW HITPOINT WARNING * * *
You feel yourself slow down.
The gnoll hits you from afar with a halberd!
You die...
Xom howls with laughter!

#)#..........
#g..)....#
#gg.g)...#
#g####''##
#g# ..... #O#
..O.... #g#
...gg.. #)#
....... #@#
####### #g#
..# ...#
##### ≈≈ ≈≈
..%


You could see an ogre and 7 gnolls.

Vanquished Creatures
  An ogre (D:4)
  A howler monkey (D:5)
  A bullfrog skeleton (D:4)
  A centaur zombie (D:5)
  2 hounds
  An orc priest (D:4)
  A centaur skeleton (D:5)
  Ijyb (D:3)
  Jessica (D:3)
  An iguana (D:3)
  Natasha (thrice) (D:3)
  4 worker ants
  A hound skeleton (D:4)
  13 gnolls
  4 adders
  2 oozes
  An adder zombie (D:5)
  2 adder skeletons (D:4)
  3 worms
  2 dart slugs
  2 leopard geckos
  5 orcs
  A giant cockroach (D:3)
  8 goblins
  6 hobgoblins
  2 quokkas
  3 ball pythons
  5 bats
  3 frilled lizards
  8 kobolds
  2 leopard gecko skeletons
  9 rats
100 creatures vanquished.

Vanquished Creatures (others)
  A bullfrog skeleton (D:4)
1 creature vanquished.

Grand Total: 101 creatures vanquished

Notes
Turn   | Place    | Note
-------+----------+-------------------------------------------
     0 | D:1      | theAP the Demonspawn Chaos Knight began the quest for the Orb.
     0 | D:1      | Reached XP level 1. HP: 18/18 MP: 1/1
    36 | D:1      | XOM: silly message
    41 | D:1      | XOM: mild Tmut miscast
    50 | D:1      | XOM: divination: detect items
   149 | D:1      | Reached skill level 3 in Maces & Flails
   149 | D:1      | Gained mutation: When hurt, damage is shared between your health and your magic reserves. [demonic ancestry]
   149 | D:1      | Reached XP level 2. HP: 22/24 MP: 2/2
   543 | D:1      | XOM: scenery: create altars
   953 | D:2      | Gained mutation: You have a pair of small horns on your head. [demonic ancestry]
   953 | D:2      | Reached XP level 3. HP: 8/29 MP: 1/3
  1080 | D:2      | XOM: cloud trail
  1226 | D:2      | XOM: cast spell 'Spider Form'
  1461 | D:2      | Reached skill level 4 in Maces & Flails
  1473 | D:2      | Found a white marble altar of Elyvilon.
  1532 | D:2      | XOM: scenery: create altars
  1729 | D:3      | Gained mutation: Your flesh is cold resistant. (rC+) [demonic ancestry]
  1729 | D:3      | Reached XP level 4. HP: 23/35 MP: 4/4
  1830 | D:3      | Noticed Ijyb
  1842 | D:3      | Killed Ijyb
  1887 | D:3      | Noticed Natasha
  1888 | D:3      | XOM: fog
  1896 | D:3      | Killed Natasha
  2041 | D:3      | Gained mutation: You regenerate magic rapidly. [demonic ancestry]
  2041 | D:3      | Reached XP level 5. HP: 37/41 MP: 3/5
  2047 | D:3      | Reached skill level 5 in Maces & Flails
  2077 | D:3      | XOM: god gift: 15 royal jellies
  2196 | D:3      | Noticed Jessica
  2200 | D:3      | Killed Jessica
  2213 | D:3      | Reached skill level 1 in Shields
  2274 | D:3      | XOM: 2-stop teleportation journey
  2321 | D:3      | XOM: 1-stop teleportation journey
  2599 | D:3      | Noticed Natasha
  2604 | D:3      | XOM: god gift: brightly glowing brass amulet {god gift}
  2610 | D:3      | Killed Natasha
  2610 | D:3      | Reached skill level 1 in Stealth
  2613 | D:3      | Got a brightly glowing brass amulet {god gift}
  2614 | D:3      | Identified the amulet of Goown {Gourm Str+3} (Xom gifted it to you on level 3 of the Dungeon)
  2742 | D:3      | Noticed Natasha
  2757 | D:3      | Killed Natasha
  2757 | D:3      | Reached XP level 6. HP: 22/47 MP: 4/6
  2773 | D:3      | XOM: give mutations
  2773 | D:3      | Gained mutation: Your spells are a little harder to cast, but a little more powerful. [Xom's grace]
  2773 | D:3      | Gained mutation: You have an increased reservoir of magic. (+10% MP) [Xom's grace]
  2773 | D:3      | Gained mutation: Your flesh is very cold resistant. (rC++) [Xom's grace]
  2773 | D:3      | Gained mutation: You are agile. (Dex +2) [Xom's grace]
  2902 | D:4      | XOM: summons 2 hostile shadow creatures
  2958 | D:4      | Found a burning altar of Makhleb.
  3095 | D:4      | XOM: divine lightning (protected)
  3114 | D:4      | XOM: 4-stop teleportation journey
  3136 | D:4      | Reached skill level 6 in Maces & Flails
  3146 | D:4      | XOM: 4-stop teleportation journey
  3508 | D:4      | Gained mutation: When low on magic, you restore magic in place of health. [demonic ancestry]
  3508 | D:4      | Reached XP level 7. HP: 51/52 MP: 7/7
  3580 | D:4      | Found Qijess's Food Shop.
  3599 | D:4      | Bought a royal jelly for 28 gold pieces
  3599 | D:4      | Bought a slice of pizza for 21 gold pieces
  3777 | D:5      | Entered Level 5 of the Dungeon
  3780 | D:5      | XOM: mild Summ miscast
  3833 | D:5      | XOM: scenery: create altars
  3864 | D:5      | Reached skill level 7 in Maces & Flails
  4021 | D:5      | Gained mutation: You are very agile. (Dex +4) [potion of mutation]
  4021 | D:5      | Gained mutation: Armour fits poorly on your strangely shaped body. [potion of mutation]
  4029 | D:5      | XOM: chaos cloud
  4031 | D:5      | Paralysed by you for 7 turns
  4032 | D:5      | HP: 1/52 [gnoll/spear (4)]
  4033 | D:5      | Mangled by a gnoll

Skill      XL: |  1  2  3  4  5  6  7 |
---------------+----------------------+-----
Maces & Flails | 3 4 5 6 7 |  7.4
Shields        | 1 2 |  2.2
Stealth        | 1 2 |  2.5
Fighting       | |  3.3
Armour         | |  1.7
Dodging        | |  0.8

Action                   |  1- 3 |  4- 6 |  7- 9 || total
-------------------------+-------+-------+-------++-------
Melee: Mace              |    67 |       |       ||    67
       Whip              |    55 |   151 |    80 ||   286
       Headbutt          |     7 |    26 |    14 ||    47
  Use: Scroll            |     5 |     5 |     1 ||    11
       Potion            |     2 |     4 |     4 ||    10
 Stab: Paralysed         |     3 |       |       ||     3
       Invisible         |       |       |     2 ||     2
  Eat: Chunk             |     3 |     9 |       ||    12
Armor: Ring mail         |    17 |       |       ||    17
       Leather armour    |     1 |       |       ||     1
       Chain mail        |    32 |    49 |    43 ||   124
Dodge: Dodged            |    35 |    27 |    16 ||    78
Block: Buckler           |    14 |    30 |    14 ||    58
